 Dungeon Crawl Stone Soup version 0.25-a0-578-gc91f01c39c (webtiles) character file.

Game seed: 5740505916082103272, levelgen mode: deterministic

392 Emblim88 the Skirmisher (level 6, 0/66 HPs)
             Began as a Troll Berserker on Mar 4, 2020.
             Was a Priest of Trog.
             Slain by an ogre
             ... wielding a cursed -1 giant club
              (18 damage)
             ... on level 4 of the Dungeon.
             The game lasted 00:04:44 (2191 turns).

Emblim88 the Skirmisher (Troll Berserker)           Turns: 2191, Time: 00:04:44

Health: 0/66       AC:  6    Str: 27    XL:     6   Next: 51%
Magic:  5/5        EV: 10    Int:  4    God:    Trog [***...]
Gold:   229        SH:  0    Dex:  9    Spells: 5/5 levels left

rFire    . . .     SeeInvis .     - Unarmed
rCold    . . .     Gourm    +   (no shield)
rNeg     . . .     Faith    .   a - +0 animal skin
rPois    .         Spirit   .   (helmet restricted)
rElec    .         Reflect  .   k - scarf {repulsion}
rCorr    .         Harm     .   (gloves unavailable)
MR       .....                  (boots unavailable)
Stlth    +.........             (no amulet)
HPRegen  0.61/turn              (no ring)
MPRegen  0.09/turn              (no ring)

@: repel missiles
A: large, unfitting armour, claws 3, fast metabolism 3, gourmand, regeneration
1, shaggy fur 1, tough skin 3
a: Berserk, Trog's Hand, Renounce Religion


You were on level 4 of the Dungeon.
You worshipped Trog.
Trog was most pleased with you.
You were completely stuffed.

You visited 1 branch of the dungeon, and saw 4 of its levels.

You collected 229 gold pieces.

Inventory:

Missiles
 e - 144 stones (quivered)
 r - 8 poisoned darts
Armour
 a - a +0 animal skin (worn)
 k - a scarf of repulsion (worn)
 s - a scarf of spirit shield
Jewellery
 x - an uncursed ring of poison resistance
Wands
 v - a wand of digging (3)
 w - a wand of iceblast (9)
Scrolls
 c - 5 scrolls of remove curse {unknown}
 g - 2 scrolls of identify {unknown}
 i - 2 scrolls of magic mapping {unknown}
 l - a scroll of teleportation {unknown}
 m - 2 scrolls of blinking {unknown}
 u - a scroll of fear {unknown}
 y - a scroll of immolation {unknown}
Potions
 f - a potion of ambrosia {unknown}
 h - a potion of berserk rage {unknown}
 j - 2 potions of brilliance {unknown}
 n - a potion of stabbing {unknown}
 o - 2 potions of degeneration {unknown}
 p - 3 potions of haste {unknown}
 q - a potion of might {unknown}
 t - 2 potions of lignification {unknown}
 z - a potion of cancellation {unknown}
Comestibles
 b - 11 rations
 d - 2 chunks of flesh


   Skills:
 * Level 5.2 Fighting
 - Level 2.4 Dodging
 + Level 4.9 Unarmed Combat


You had 5 spell levels left.
You didn't know any spells.
Your spell library was empty.

Dungeon Overview and Level Annotations

Branches:
Dungeon (4/15)             Temple (0/1) D:4

Altars:
Fedhas


Innate Abilities, Weirdness & Mutations

You are too large for most types of armour.
You have claws for hands.
Your metabolism is lightning-fast.
You like to eat raw meat.
Your natural rate of healing is unusually fast.
You are covered in fur. (AC +1)
You have extremely tough skin. (AC +3)


Message History

You are too injured to fight recklessly!
You are too injured to fight recklessly!
You are too injured to fight recklessly!
You are too injured to fight recklessly!
You are too injured to fight recklessly!
You are too injured to fight recklessly!
You are too injured to fight recklessly!
You are too injured to fight recklessly!
You are too injured to fight recklessly!
You are too injured to fight recklessly!
You are too injured to fight recklessly!
You are too injured to fight recklessly!
You are too injured to fight recklessly!
You are too injured to fight recklessly!
You are too injured to fight recklessly!
You are too injured to fight recklessly!
The gnoll shaman calls upon its god to speed up the gnoll.
The gnoll seems to speed up.
The ogre hits you with a cursed -1 giant club!!
You die...

#### ..# #.#
#.###########
##.####@..........#
>..ooaOg.......##.######
##.####.g#####..........
#g)# #######.##### #..#
#..........# #..#
#.##.#####.# #..#
#.#.P....#.# #..#
#.#......#.## #..#
#.#P.....+..#


You could see an ogre, a gnoll shaman, a worker ant, 2 gnolls and 2 orcs.

Vanquished Creatures
  A centaur (D:4)
  A crimson imp (D:4)
  An orc wizard (D:3)
  Terence (D:2)
  Ijyb (D:3)
  2 gnolls (D:4)
  5 adders
  An ooze (D:2)
  An adder skeleton (D:4)
  An adder zombie (D:3)
  4 worms
  3 dart slugs
  6 leopard geckos
  6 orcs
  12 bats
  6 giant cockroaches
  9 goblins
  11 hobgoblins
  5 jackals
  6 kobolds
  3 quokkas
  2 ball pythons (D:3)
  3 frilled lizards
  5 rats
96 creatures vanquished.

Notes
Turn   | Place    | Note
-------+----------+-------------------------------------------
     0 | D:1      | Emblim88 the Troll Berserker began the quest for the Orb.
     0 | D:1      | Reached XP level 1. HP: 22/22 MP: 0/0
    73 | D:1      | Reached XP level 2. HP: 29/29 MP: 1/1
   132 | D:1      | Reached skill level 3 in Fighting
   404 | D:1      | Reached XP level 3. HP: 36/37 MP: 2/2
   714 | D:2      | Reached ** piety under Trog
   815 | D:2      | Reached XP level 4. HP: 46/46 MP: 3/3
   847 | D:2      | Noticed Terence
   857 | D:2      | Killed Terence
   936 | D:2      | Reached skill level 4 in Fighting
  1312 | D:3      | Found a blossoming altar of Fedhas.
  1317 | D:3      | Reached XP level 5. HP: 54/54 MP: 4/4
  1700 | D:3      | Noticed Ijyb
  1715 | D:3      | Killed Ijyb
  1778 | D:3      | Reached *** piety under Trog
  1938 | D:4      | Found a staircase to the Ecumenical Temple.
  2018 | D:4      | Noticed a centaur
  2029 | D:4      | Killed a centaur
  2029 | D:4      | Reached skill level 5 in Fighting
  2029 | D:4      | Reached XP level 6. HP: 53/66 MP: 5/5
  2191 | D:4      | Slain by an ogre

Levels and vault maps discovered:
D:1:      lightli_arrival_lavapool, layout_basic
D:2:      layout_basic, first_ration, minmay_puff, uniq_terence
D:3:      layout_basic, fedhas_altar_3, serial_glass, glass_columns_a,
          glass_columns_a, minmay_circle_x, uniq_ijyb
D:4:      cheibrodos_old_hovel, layout_loops_ring, tso_oasis_becter,
          minmay_temple_entry_crystal_x

Skill      XL: |  1  2  3  4  5 |
---------------+----------------+-----
Fighting       | 3 4 5 |  5.2
Unarmed Combat | 4 |  4.9
Dodging        | |  2.4

Action                   |  1- 3 |  4- 6 || total
-------------------------+-------+-------++-------
Melee: Unarmed           |    77 |   171 ||   248
       Punch             |     1 |     1 ||     2
  Eat: Chunk             |    13 |    13 ||    26
Armor: Animal skin       |    18 |    66 ||    84
Dodge: Dodged            |    42 |    97 ||   139
       Deflected         |       |     2 ||     2

Table legend:
 A = Non-vault XP
 B = Vault XP
 C = Vault XP percentage of total XP
 D = Non-vault monster count
 E = Vault monster count
 F = Vault count percentage of total count
                 A         B        C        D         E       F
            +---------+---------+-------+---------+---------+-------
      Total |     462 |      99 |  17.6 |      88 |       8 |   8.3
            +---------+---------+-------+---------+---------+-------
        D:1 |      50 |       0 |   0.0 |      25 |       0 |   0.0
        D:2 |      76 |      44 |  36.7 |      19 |       4 |  17.4
        D:3 |     126 |      55 |  30.4 |      31 |       4 |  11.4
        D:4 |     210 |       0 |   0.0 |      13 |       0 |   0.0
            +---------+---------+-------+---------+---------+-------
